 Dungeon Crawl Stone Soup version 0.27.1 (webtiles) character file.

Game seed: 17212629512825330129

1 MajorAdolf the Sneak (level 1, 0/21 HPs)
             Began as a Naga Wanderer on Aug 24, 2021.
             Frozen to death by an endoplasm (4 damage)
             ... on level 2 of the Dungeon.
             The game lasted 00:00:32 (54 turns).

MajorAdolf the Sneak (Naga Wanderer)                  Turns: 54, Time: 00:00:32

Health: 0/21       AC:  1    Str: 14    XL:     1   Next: 20%
Magic:  1/1        EV:  9    Int: 11    God:
Gold:   0          SH:  0    Dex: 17    Spells: 0/0 levels left

rFire    . . .     SeeInvis +   a - +2 dagger
rCold    . . .     Faith    .   (no shield)
rNeg     . . .     Spirit   .   e - +0 robe
rPois    +         Reflect  .   (no helmet)
rElec    .         Harm     .   (no cloak)
rCorr    .         Rampage  .   (no gloves)
Will     .....                  (no barding)
Stlth    +++.......             (no amulet)
HPRegen  0.07/turn              f - +6 ring of dexterity
MPRegen  0.07/turn              (no ring)

@: very slow
A: AC +0, large, see invisible, deformed body, poison resistance, slowness 2,
spit poison 1, naga tail 1
a: Spit Poison


You were on level 2 of the Dungeon.
You visited 1 branch of the dungeon, and saw 2 of its levels.

Inventory:

Hand Weapons
 a - a +2 dagger (weapon)
 c - a +0 quarterstaff
Armour
 e - a +0 robe (worn)
Jewellery
 f - a +6 ring of dexterity (left hand)
Scrolls
 d - a scroll of teleportation
Potions
 b - a potion of heal wounds


   Skills:
 - Level 3.0 Fighting
 + Level 0.4 Short Blades
 - Level 5.8 Stealth
 - Level 1.0 Shields
 - Level 2.0 Unarmed Combat


You couldn't memorise any spells.
You didn't know any spells.
Your spell library was empty.

Dungeon Overview and Level Annotations

Branches:
Dungeon (1/15)

Altars:


Innate Abilities, Weirdness & Mutations

Your serpentine skin is tough. (AC +0)
You have supernaturally acute eyesight. (SInv)
Armour fits poorly on your strangely shaped body.
Your system is resistant to poisons. (rPois)
You cover ground very slowly.
You can spit poison.
You have a snake-like lower body.


Message History

Aim: an endoplasm (wandering, hasn't noticed you)
Okay, then.
Press: ? - help, Shift-Dir - straight line, f - endoplasm
Aim: an endoplasm (wandering, hasn't noticed you)
Okay, then.
Press: ? - help, Shift-Dir - straight line, f - adder
Aim: an adder (asleep)
The splash of poison hits the adder.
The adder is poisoned.
The adder is moderately wounded.
The adder hisses angrily.
Unknown command.
You barely miss the adder.
The adder is heavily wounded.
The adder bites you.
You barely miss the adder.
The adder is heavily wounded.
The adder bites you.
The endoplasm quivers.
You hit the adder.
The adder is severely wounded.
The adder bites you. The adder barely misses you.
Unknown command.
You hit the adder but do no damage.
The adder is severely wounded.
The endoplasm hits you but does no damage.
The adder bites you.
Unknown command.
You closely miss the adder.
The adder is severely wounded.
The adder looks more healthy.
The adder closely misses you. The endoplasm freezes you.
You are frozen.
You hit the adder but do no damage.
The adder is almost dead.
You have got your breath back.
The adder bites you.
* * * LOW HITPOINT WARNING * * *
The endoplasm freezes you.
You are frozen.
You die...

#. ##...##
###.###.....##
#.......>....##
#.............##
#...............
#.............#
#......S.....#
#@J$..# ##...##
##.## .# .# .J
##


You could see an adder and an endoplasm.

Vanquished Creatures
  A ball python (D:1)
1 creature vanquished.

Notes
Turn   | Place    | Note
-------+----------+-------------------------------------------
     0 | D:1      | MajorAdolf the Naga Wanderer began the quest for the Orb.
     0 | D:1      | MajorAdolf set off with the following items: a +2 dagger, a
                  | potion of heal wounds, a +0 quarterstaff, a scroll of
                  | teleportation, a +0 robe
     0 | D:1      | Reached XP level 1. HP: 21/21 MP: 1/1
    45 | D:1      | You fall into a shaft and drop 1 floor!
    54 | D:2      | Frozen to death by an endoplasm

Illustrated notes

Levels and vault maps discovered:
D:1:      scummos_arrival_star, layout_loops_ring,
          chequers_ecumenical_altar_grove, chequers_serial_rivers_micro_e
D:2:      layout_loops_ring, basic_altar, chequers_jeans, minmay_pentomino_q2

Action                   || total
-------------------------++-------
Melee: Dagger            ||    11
 Abil: Spit Poison       ||     1
Armor: Robe              ||     1
Dodge: Dodged            ||     6
